Map: Port Aleksander LE

Players

bubble

  • Race: Zerg Zerg
  • Spawn Location: 11:00

Darus - Winner!

  • Race: Zerg Zerg
  • League: Silver
  • Spawn Location: 5:00

VOD

Have the link to the VOD?

Description

Time

  • Played on: March 5, 2019, 12:11 a.m.
  • Length: 9:39
Show
View Real Time Build Order
Export as new Build Order

bubble Zerg 

Build Orders: Hatch First 

Get SALT Encoding   

  12  0:01  Drone  
  13  0:11  Drone  
  14  0:18  Overlord  
  14  0:47  Hatchery  
  14  0:48  Drone  
  14  0:51  Drone  
  14  0:55  Drone  
  16  1:00  Drone  
  17  1:11  Drone  
  18  1:22  Spawning Pool  
  18  1:23  Drone  
  18  1:35  Extractor  
  18  1:39  Drone  
  18  1:56  Drone  
  18  1:57  Overlord  
  19  2:16  Zergling x6  
  19  2:17  Zergling x2  
  23  2:35  Queen  
  25  2:37  Queen  
  25  2:39  Drone  
  25  2:40  Drone x3  
  31  2:48  Metabolic Boost  
  31  2:56  Drone  
  32  3:14  Queen  
  32  3:16  Drone x2  
  36  3:23  Extractor  
  36  3:25  Drone  
  34  4:03  Roach Warren  
  34  4:07  Queen  
  35  4:24  Drone  
  35  4:25  Overlord  
  35  4:26  Overlord x2  
  36  4:36  Evolution Chamber  
  35  4:44  Drone x2  
  35  4:45  Drone  
  38  4:47  Zergling x12  
  38  4:48  Zergling x6  
  38  4:51  Roach  
  47  5:40  Roach x6  
  59  5:52  Lair  
  59  5:57  Overlord  
  59  5:58  Overlord  
  51  6:09  Roach x4  
  50  6:22  Spine Crawler  
  50  6:23  Roach x4  
  43  6:51  Roach x4, Spine Crawler  
  43  6:52  Roach x3  
  44  7:11  Roach  
  44  7:14  Roach  
  44  7:38  Hatchery  
  43  7:57  Roach x3  
  35  8:21  Spine Crawler  
  35  8:22  Roach x3  
  30  8:34  Roach  
  26  9:00  Roach x2  
  26  9:11  Roach  
  28  9:18  Roach  
Show
View Real Time Build Order
Export as new Build Order

Darus Zerg - Winner!

Build Orders: Pool First 

Get SALT Encoding   

  12  0:02  Drone  
  13  0:10  Drone  
  14  0:20  Overlord  
  14  0:36  Spawning Pool  
  14  0:39  Drone  
  14  0:44  Drone  
  14  0:48  Drone  
  16  0:57  Drone  
  16  1:01  Extractor  
  16  1:17  Drone  
  17  1:19  Drone  
  17  1:22  Drone  
  19  1:30  Roach Warren  
  18  1:33  Drone  
  18  1:37  Queen  
  21  1:44  Drone  
  22  2:01  Hatchery  
  21  2:12  Overlord  
  21  2:13  Overlord  
  21  2:32  Roach x2  
  25  2:38  Roach  
  27  2:48  Drone  
  28  2:52  Extractor  
  28  3:05  Ravager  
  28  3:06  Ravager  
  28  3:09  Overlord  
  29  3:22  Overlord  
  29  3:26  Roach x2  
  33  3:29  Drone  
  33  3:30  Drone  
  33  3:34  Drone  
  36  3:58  Queen  
  36  3:59  Drone x2  
  36  4:00  Drone  
  41  4:04  Roach x2  
  41  4:06  Ravager  
  46  4:23  Roach  
  46  4:24  Roach  
  50  4:28  Roach  
  50  4:31  Overlord x3  
  52  5:14  Ravager  
  53  5:17  Roach x4  
  53  5:18  Roach  
  65  5:21  Roach x3  
  48  6:19  Ravager x4  
  47  6:57  Roach x4  
  47  6:58  Roach x3  
  47  7:01  Roach x3  
  62  7:09  Ravager  
  52  7:53  Ravager x3  
  48  8:13  Roach x3  
  48  8:16  Roach x3  
  57  8:47  Ravager  
  55  9:05  Ravager  
Tags
 
Add a new tag
Caveats
  • Supply blocks, unpowered buildings, or Contaminate may cause inaccurate times.
  • Supply counts are checked every 10 seconds.